 Dungeon Crawl Stone Soup version 0.31-a0-174-g85c54bcb58 (webtiles) character file.

Game seed: 9735650924234535409

5604 qw the Cleaver (level 10, -2/64 HPs)
             Began as a Gargoyle Fighter on June 15, 2023.
             Was a Believer of Okawaru.
             Slain by Fannar
             ... wielding a staff of cold
              (6 damage)
             ... on level 1 of the Lair of Beasts.
             The game lasted 00:03:57 (6765 turns).

qw the Cleaver (Gargoyle Fighter)                   Turns: 6765, Time: 00:03:57

Health: -2/64      AC: 28    Str: 24    XL:     10   Next: 73%
Magic:  13/13      EV: 10    Int:  9    God:    Okawaru [**....]
Gold:   372        SH: 11    Dex:  9    Spells: 9/9 levels left

rFire   + . .        Y - +3 war axe (freeze)
rCold   . . .        b - +0 kite shield
rNeg    + . .        q - +4 chain mail {Will+}
rPois   inf          s - +2 helmet
rElec   +            t - +1 cloak
rCorr   .            (no gloves)
SInv    .            (no boots)
Will    +....        (no amulet) Stlth
                     l - +4 ring of slaying {mikee}
HPRegen 0.30/turn    n - ring of protection from fire
MPRegen 0.13/turn

%: no passive effects
@: about to teleport, heroic
A: sickness immunity, AC +7, negative energy resistance 1, electricity
resistance, torment resistance 1, petrification resistance
a: Renounce Religion, Heroism


You were on level 1 of the Lair of Beasts.
You worshipped Okawaru.
Okawaru was pleased with you.
You visited 3 branches of the dungeon, and saw 10 of its levels.
You also visited: Sewer.

You collected 477 gold pieces.
You spent 105 gold pieces at shops.


Innate Abilities, Weirdness & Mutations

You are immune to sickness and miasma.
Your stone body is resilient. (AC +7)
You are immune to poison.
You resist negative energy. (rN+)
You are resistant to electric shocks. (rElec)
You are resistant to unholy torment.
You are immune to petrification.


   Skills:
 - Level 8.1(13.1) Fighting
 - Level 10.7(15.7) Axes
 - Level 5.0(10.0) Armour
 - Level 1.1(6.1) Dodging
 + Level 7.6(12.6) Shields
 - Level 4.0 Invocations


You had 9 spell levels left.
You didn't know any spells.
Your spell library was empty.

Inventory:

Hand Weapons
 e - a +0 morningstar
 Y - a +3 war axe of freezing (weapon)
Armour
 b - a +0 kite shield (worn)
 q - a +4 chain mail of willpower (worn)
 s - a +2 helmet (worn)
 t - a +1 cloak (worn)
Jewellery
 l - a +4 ring of slaying (left hand) {mikee}
 n - a ring of protection from fire (right hand)
 p - a ring of resist corrosion
Scrolls
 j - 2 scrolls of identify
 m - 3 scrolls of teleportation
Potions
 a - a potion of lignification
 d - 3 potions of might
 f - a potion of cancellation
 g - 2 potions of attraction
 h - a potion of mutation
 k - a potion of haste {unknown}
 o - a potion of resistance
 r - 5 potions of curing

Dungeon Overview and Level Annotations

Branches:
Dungeon (8/15)             Temple (1/1) D:6            Lair (1/5) D:8
  Sewer (visited)

Altars:
Ashenzari
Cheibriados
Elyvilon
Fedhas
Gozag
Hepliaklqana
Kikubaaqudgha
Makhleb
Nemelex Xobeh
Okawaru
Ru
Sif Muna
Trog
Uskayaw
Vehumet
Xom
Yredelemnul
Zin
The Shining One

Shops:
D:1 *   D:7 ?   D:8 :

Annotations:
Lair:1 Fannar


Message History

You slash the wolf! You freeze the wolf.
You kill the wolf!
Okawaru accepts your kill.
You slash the ice beast! You completely miss Fannar.
Fannar hits you but does no damage. Fannar freezes you!
The ice beast hits you but does no damage.
You slash the ice beast!
The ice beast is severely wounded.
You slash Fannar!
Fannar murmurs some mystic words to themself.
Fannar hits you but does no damage. Fannar freezes you!
The ice beast closely misses you.
You hit the ice beast but do no damage.
The ice beast is severely wounded.
You barely miss Fannar. Fannar hits you but does no damage. Fannar freezes you!
The ice beast hits you but does no damage.
You slash the ice beast!
You kill the ice beast!
The ice beast disappears in a puff of smoke!
You hit the boulder beetle but do no damage.
You slash Fannar! The boulder beetle hits you.
The boulder beetle stops rolling and uncurls.
Fannar hits you but does no damage. Fannar freezes you!
The basilisk gazes at you. You resist with almost no effort.
6763 ||| READING 4 scrolls of teleportation.
As you read the scroll of teleportation, it crumbles to dust.
You feel strangely unstable.
The boulder beetle leaps!
Fannar hits you but does no damage.
You closely miss Fannar.
Fannar is heavily wounded.
You slash the basilisk!
The basilisk seems to slow down.
You freeze the basilisk. You hit Fannar.
Fannar is heavily wounded.
You closely miss the basilisk. Fannar hits you with a staff of cold.
You die...

....... .... #......
.... #...... .....
##......
...B.############.......
#......................
#...................<.
#...l%..............%.
#...0@................
#....e###########P###.#
#....P ### ### #.....#
##.... #.... ####


You could see Fannar, a boulder beetle and a basilisk (slow).

Vanquished Creatures
  Erica (D:8)
  Maggie (D:6)
  2 cane toads (Lair:1)
  2 hornets
  Grinder (D:4)
  Sigmund (D:6)
  3 yaks (D:8)
  Menkaure (D:4)
  Duvessa (D:4)
  A sky beast (D:8)
  A black bear (D:5)
  2 ogres (D:5)
  5 wolves (Lair:1)
  A centaur (D:8)
  A phantom (D:4)
  A kobold brigand (D:6)
  4 bullfrogs
  2 gnoll sergeants
  A scorpion (D:7)
  Dowan (D:4)
  3 wights (D:6)
  4 killer bees (D:7)
  3 gnoll boudas
  3 hounds
  5 orc priests
  2 iguanas (D:5)
  5 orc wizards
  Robin (D:3)
  27 gnolls
  10 adders
  A shadow imp (D:6)
  A white imp (D:6)
  2 ufetubi
  4 worms
  2 dart slugs
  20 orcs
  8 bats
  6 endoplasms
  5 giant cockroaches
  13 goblins
  4 hobgoblins
  13 jackals
  10 kobolds
  2 quokkas
  11 ball pythons
  4 rats
202 creatures vanquished.

Vanquished Creatures (others)
  An orc wizard (D:8)
1 creature vanquished.

Grand Total: 203 creatures vanquished

Notes
Turn   | Place    | Note
-------+----------+-------------------------------------------
     0 | D:1      | qw the Gargoyle Fighter began the quest for the Orb.
     0 | D:1      | Reached XP level 1. HP: 14/14 MP: 1/1
     0 | D:1      | 0 ||| qw: Version: 0.2-a-29-g511e9b1
     0 | D:1      | 0 ||| qw: Game counter: 5209
     0 | D:1      | 0 ||| qw: Always use a shield: true
     0 | D:1      | 0 ||| qw: God list: Okawaru
     0 | D:1      | 0 ||| qw: Allow faded altars: false
     0 | D:1      | 0 ||| qw: Do Orc after D:15 true
     0 | D:1      | 0 ||| qw: Do second Lair branch before Depths: true
     0 | D:1      | 0 ||| qw: Lair rune preference: random
     0 | D:1      | 0 ||| qw: Plans: Normal, Zot:1-4, Slime:5, God:TSO, Crypt,
                  | Tomb, Abyss, Pan, Hells, Win
     0 | D:1      | 0 ||| PLANNING D:1-11
    20 | D:1      | Reached skill level 2 in Axes
    66 | D:1      | Reached XP level 2. HP: 17/19 MP: 2/2
   191 | D:1      | 191 ||| READING scroll labelled BESCHAO OTEO.
   254 | D:1      | 254 ||| Stepping ~*~*~tactically~*~*~ (stealth).
   261 | D:1      | Reached skill level 3 in Axes
   266 | D:1      | Reached XP level 3. HP: 22/23 MP: 3/3
   317 | D:1      | 317 ||| Stepping ~*~*~tactically~*~*~ (stealth).
   381 | D:1      | Found Aduzu's General Store.
   382 | D:1      | 382 ||| Stepping ~*~*~tactically~*~*~ (stealth).
   399 | D:1      | 399 ||| SHOPLISTING +0 helmet of intelligence (161 gold,
                  | have 56).
   399 | D:1      | 399 ||| SHOPLISTING +0 pair of boots (63 gold, have 56).
   647 | D:1      | 647 ||| UPGRADING to +0 chain mail.
   657 | D:1      | 657 ||| DROPPING +0 scale mail.
   658 | D:1      | 658 ||| READING scroll labelled KEMUNA DAPOFU.
   759 | D:1      | 759 ||| READING scroll labelled YHUKOI GUAST.
   981 | D:2      | 981 ||| Stepping ~*~*~tactically~*~*~ (stealth).
  1010 | D:2      | 1010 ||| Stepping ~*~*~tactically~*~*~ (stealth).
  1011 | D:2      | 1011 ||| Stepping ~*~*~tactically~*~*~ (stealth).
  1017 | D:2      | 1017 ||| Stepping ~*~*~tactically~*~*~ (stealth).
  1018 | D:2      | 1018 ||| Stepping ~*~*~tactically~*~*~ (stealth).
  1183 | D:2      | Reached XP level 4. HP: 24/28 MP: 4/4
  1221 | D:2      | Found an ancient bone altar of Kikubaaqudgha.
  1244 | D:2      | 1244 ||| Stepping ~*~*~tactically~*~*~ (hiding).
  1467 | D:2      | 1467 ||| DROPPING ring of flight.
  1468 | D:2      | 1468 ||| UPGRADING to +4 ring of slaying {mikee}.
  1469 | D:2      | 1469 ||| READING scroll labelled XERUOS ARHA.
  1565 | D:3      | 1565 ||| Stepping ~*~*~tactically~*~*~ (hiding).
  1732 | D:3      | Reached skill level 4 in Axes
  1738 | D:3      | Noticed Robin
  1747 | D:3      | Killed Robin
  1833 | D:3      | 1833 ||| Stepping ~*~*~tactically~*~*~ (stealth).
  2068 | D:3      | 2068 ||| UPGRADING to +0 helmet.
  2073 | D:3      | 2073 ||| READING scroll labelled NOESI ACZAA.
  2074 | D:3      | 2074 ||| READING scroll labelled AVYUTE WINYRCHE.
  2075 | D:3      | 2075 ||| DRINKING 3 fizzy green potions.
  2106 | D:4      | Noticed a phantom
  2108 | D:4      | 2108 ||| STAIRDANCE
  2113 | D:3      | Reached XP level 5. HP: 18/32 MP: 5/5
  2115 | D:3      | Reached skill level 5 in Axes
  2176 | D:3      | 2176 ||| DROPPING +0 whip.
  2185 | D:4      | Killed a phantom
  2186 | D:4      | Reached XP level 6. HP: 30/39 MP: 6/6
  2199 | D:4      | 2199 ||| FLEEEEING.
  2201 | D:4      | 2201 ||| FLEEEEING.
  2202 | D:4      | 2202 ||| FLEEEEING.
  2203 | D:4      | 2203 ||| FLEEEEING.
  2204 | D:4      | 2204 ||| STAIRDANCE
  2360 | D:4      | Noticed Menkaure
  2361 | D:4      | 2361 ||| Stepping ~*~*~tactically~*~*~ (hiding).
  2369 | D:4      | Killed Menkaure
  2380 | D:4      | 2380 ||| FLEEEEING.
  2381 | D:4      | 2381 ||| FLEEEEING.
  2470 | D:4      | Noticed Dowan
  2470 | D:4      | Noticed Duvessa
  2471 | D:4      | 2471 ||| Stepping ~*~*~tactically~*~*~ (hiding).
  2485 | D:4      | Killed Duvessa
  2486 | D:4      | Reached skill level 6 in Axes
  2486 | D:4      | Reached XP level 7. HP: 13/44 MP: 7/7
  2490 | D:4      | Killed Dowan
  2491 | D:4      | Reached skill level 1 in Dodging
  2668 | D:4      | 2668 ||| Stepping ~*~*~tactically~*~*~ (stealth).
  2669 | D:4      | 2669 ||| Stepping ~*~*~tactically~*~*~ (stealth).
  2670 | D:4      | 2670 ||| Stepping ~*~*~tactically~*~*~ (stealth).
  2674 | D:4      | 2674 ||| Stepping ~*~*~tactically~*~*~ (stealth).
  2964 | D:4      | Noticed Grinder
  2975 | D:4      | Paralysed by Grinder for 2 turns
  2979 | D:4      | 2979 ||| Stepping ~*~*~tactically~*~*~ (hiding).
  2983 | D:4      | Killed Grinder
  2984 | D:4      | Reached skill level 7 in Axes
  3127 | D:4      | 3127 ||| DROPPING +1 robe of resistance.
  3128 | D:4      | 3128 ||| UPGRADING to +4 chain mail of willpower.
  3138 | D:4      | 3138 ||| DROPPING +0 chain mail.
  3139 | D:4      | 3139 ||| UPGRADING to +1 helmet.
  3149 | D:4      | 3149 ||| DROPPING +0 helmet.
  3150 | D:4      | 3150 ||| UPGRADING to ring of resist corrosion.
  3151 | D:4      | 3151 ||| READING scroll labelled RIKELO ROOTO.
  3154 | D:4      | 3154 ||| READING scroll labelled IPUEXI XUJA.
  3155 | D:4      | 3155 ||| READING scroll labelled DACA MYSTRUOHU.
  3174 | D:5      | Entered Level 5 of the Dungeon
  3174 | D:5      | Found a shimmering altar of Xom.
  3229 | D:5      | 3229 ||| Stepping ~*~*~tactically~*~*~ (stealth).
  3230 | D:5      | 3230 ||| Stepping ~*~*~tactically~*~*~ (stealth).
  3232 | D:5      | 3232 ||| Stepping ~*~*~tactically~*~*~ (hiding).
  3233 | D:5      | 3233 ||| Stepping ~*~*~tactically~*~*~ (hiding).
  3248 | D:5      | Reached XP level 8. HP: 43/49 MP: 8/8
  3359 | D:5      | Found a white marble altar of Elyvilon.
  3360 | D:5      | Found a broken altar of Ashenzari.
  3483 | D:5      | 3483 ||| READING scroll of brand weapon.
  3483 | D:5      | 3483 ||| BRANDING +0 war axe of freezing.
  3535 | D:5      | Reached skill level 8 in Axes
  3707 | D:5      | Found an ancient bone altar of Kikubaaqudgha.
  3730 | D:5      | Reached skill level 6 in Fighting
  3894 | D:5      | 3894 ||| UPGRADING to ring of protection from fire.
  3896 | D:5      | 3896 ||| DRINKING 3 puce potions.
  3897 | D:5      | 3897 ||| READING 2 scrolls of identify.
  3897 | D:5      | 3897 ||| IDENTIFYING grey potion
  3906 | D:6      | 3906 ||| PLANNING SEWER
  3910 | D:6      | Noticed Sigmund
  3917 | D:6      | Killed Sigmund
  3972 | D:6      | 3972 ||| DROPPING +0 flail.
  3973 | D:6      | 3973 ||| READING scroll of enchant armour.
  3973 | D:6      | 3973 ||| ENCHANTING +1 helmet.
  4133 | D:6      | Found a glowing drain.
  4162 | Sewer    | Entered a sewer
  4232 | Sewer    | 4232 ||| READING 3 scrolls of identify.
  4232 | Sewer    | 4232 ||| IDENTIFYING bubbling white potion
  4233 | Sewer    | 4233 ||| READING 2 scrolls of identify.
  4233 | Sewer    | 4233 ||| IDENTIFYING fizzy pink potion
  4234 | Sewer    | 4234 ||| DROPPING potion of berserk rage.
  4270 | D:6      | 4270 ||| PLANNING D:1-11
  4460 | D:6      | 4460 ||| Stepping ~*~*~tactically~*~*~ (hiding).
  4472 | D:6      | Reached XP level 9. HP: 53/55 MP: 9/9
  4478 | D:6      | Reached skill level 9 in Axes
  4506 | D:6      | Found a radiant altar of Vehumet.
  4517 | D:6      | Noticed Maggie
  4518 | D:6      | 4518 ||| Stepping ~*~*~tactically~*~*~ (hiding).
  4530 | D:6      | Killed Maggie
  4600 | D:6      | 4600 ||| UPGRADING to +2 war axe of flaming.
  4601 | D:6      | 4601 ||| DROPPING +0 war axe of venom.
  4602 | D:6      | 4602 ||| DROPPING +2 flail.
  4694 | D:6      | 4694 ||| READING scroll of brand weapon.
  4694 | D:6      | 4694 ||| BRANDING +2 war axe of flaming.
  4708 | D:6      | 4708 ||| DROPPING +0 club.
  4971 | D:6      | 4971 ||| DROPPING +0 whip.
  4982 | D:6      | Found a staircase to the Ecumenical Temple.
  4983 | D:6      | 4983 ||| PLANNING TEMPLE
  4983 | D:6      | 4983 ||| READING scroll labelled IDIL OMINKAWK.
  4984 | D:6      | 4984 ||| Stepping ~*~*~tactically~*~*~ (hiding).
  4985 | D:6      | 4985 ||| Stepping ~*~*~tactically~*~*~ (hiding).
  5097 | Temple   | Entered the Ecumenical Temple
  5103 | Temple   | 5103 ||| PLANNING OKAWARU WORSHIP
  5159 | Temple   | Became a worshipper of Warmaster Okawaru
  5160 | Temple   | 5160 ||| PLANNING D:1-11
  5484 | D:7      | Found Oppicria's Magic Scroll Shop.
  5492 | D:7      | 5492 ||| BUYING scroll of enchant armour (75 gold).
  5492 | D:7      | Bought a scroll of enchant armour for 75 gold pieces
  5492 | D:7      | 5492 ||| BUYING scroll of teleportation (30 gold).
  5492 | D:7      | Bought a scroll of teleportation for 30 gold pieces
  5510 | D:7      | 5510 ||| Stepping ~*~*~tactically~*~*~ (stealth).
  5522 | D:7      | 5522 ||| Stepping ~*~*~tactically~*~*~ (stealth).
  5523 | D:7      | 5523 ||| Stepping ~*~*~tactically~*~*~ (stealth).
  5524 | D:7      | 5524 ||| Stepping ~*~*~tactically~*~*~ (stealth).
  5540 | D:7      | 5540 ||| Stepping ~*~*~tactically~*~*~ (stealth).
  5541 | D:7      | 5541 ||| Stepping ~*~*~tactically~*~*~ (stealth).
  5542 | D:7      | 5542 ||| Stepping ~*~*~tactically~*~*~ (stealth).
  5565 | D:7      | 5565 ||| DROPPING +2 whip of venom.
  5672 | D:7      | 5672 ||| DROPPING +0 flail.
  5926 | D:7      | 5926 ||| UPGRADING to +0 cloak.
  5931 | D:7      | 5931 ||| READING scroll of enchant armour.
  5931 | D:7      | 5931 ||| ENCHANTING +0 cloak.
  5932 | D:7      | 5932 ||| READING 2 scrolls of identify.
  5932 | D:7      | 5932 ||| IDENTIFYING glowing emerald potion
  5948 | D:8      | 5948 ||| Stepping ~*~*~tactically~*~*~ (hiding).
  5956 | D:8      | 5956 ||| Stepping ~*~*~tactically~*~*~ (stealth).
  5965 | D:8      | 5965 ||| Stepping ~*~*~tactically~*~*~ (hiding).
  5983 | D:8      | Reached * piety under Okawaru
  5984 | D:8      | Reached skill level 10 in Axes
  5984 | D:8      | 5984 ||| FLEEEEING.
  5986 | D:8      | 5986 ||| FLEEEEING.
  5987 | D:8      | 5987 ||| FLEEEEING.
  5988 | D:8      | 5988 ||| FLEEEEING.
  5989 | D:8      | 5989 ||| FLEEEEING.
  5990 | D:8      | 5990 ||| FLEEEEING.
  5991 | D:8      | 5991 ||| FLEEEEING.
  5993 | D:8      | 5993 ||| STAIRDANCE
  6043 | D:8      | Noticed a hornet
  6050 | D:8      | 6050 ||| STAIRDANCE
  6056 | D:7      | 6056 ||| INVOKING Heroism.
  6057 | D:7      | Killed a hornet
  6157 | D:8      | Reached skill level 1 in Invocations
  6159 | D:8      | Reached XP level 10. HP: 58/64 MP: 9/11
  6208 | D:8      | Found a staircase to the Lair.
  6211 | D:8      | Noticed Erica
  6212 | D:8      | 6212 ||| INVOKING Heroism.
  6214 | D:8      | 6214 ||| Stepping ~*~*~tactically~*~*~ (hiding).
  6215 | D:8      | 6215 ||| Stepping ~*~*~tactically~*~*~ (hiding).
  6216 | D:8      | 6216 ||| Stepping ~*~*~tactically~*~*~ (hiding).
  6217 | D:8      | 6217 ||| Stepping ~*~*~tactically~*~*~ (hiding).
  6218 | D:8      | 6218 ||| Stepping ~*~*~tactically~*~*~ (hiding).
  6227 | D:8      | Reached skill level 3 in Invocations
  6235 | D:8      | Killed Erica
  6415 | D:8      | 6415 ||| INVOKING Heroism.
  6606 | D:8      | Found Jumuubir's Book Boutique.
  6653 | D:8      | 6653 ||| PLANNING LAIR
  6653 | D:8      | 6653 ||| UPGRADING to +0 kite shield.
  6663 | D:8      | 6663 ||| DROPPING +0 buckler.
  6664 | D:8      | 6664 ||| DROPPING +6 ring of intelligence.
  6665 | D:8      | 6665 ||| READING scroll labelled MITZOC XORR.
  6666 | D:8      | 6666 ||| READING 2 scrolls of identify.
  6666 | D:8      | 6666 ||| IDENTIFYING lumpy purple potion
  6667 | D:8      | 6667 ||| DROPPING potion of ambrosia.
  6699 | Lair:1   | Entered Level 1 of the Lair of Beasts
  6699 | Lair:1   | Noticed a cane toad
  6700 | Lair:1   | 6700 ||| INVOKING Heroism.
  6706 | Lair:1   | Killed a cane toad
  6707 | Lair:1   | Reached skill level 6 in Shields
  6744 | Lair:1   | Noticed Fannar
  6745 | Lair:1   | Noticed a cane toad
  6746 | Lair:1   | 6746 ||| INVOKING Heroism.
  6750 | Lair:1   | Killed a cane toad
  6754 | Lair:1   | Reached ** piety under Okawaru
  6755 | Lair:1   | Noticed a boulder beetle
  6762 | Lair:1   | HP: 4/64 [Fannar/staff of cold (14)]
  6763 | Lair:1   | 6763 ||| READING 4 scrolls of teleportation.
  6765 | Lair:1   | Slain by Fannar

Levels and vault maps discovered:
D:1:      dpeg_arrival_rooms_b, layout_rooms, serial_shops, shop, serial_glass,
          glass_columns_c, glass_columns_c, feat_on_display,
          due_unseen_surprise, minmay_strange_pillars, minmay_strange_pillars
D:2:      layout_loops_ring, basic_altar, minmay_misc_feat_more_columns,
          lightli_corner_chamber
D:3:      layout_rooms, minmay_misc_feat_rugged, serial_bayou_pond_a,
          glass_columns_b, uniq_robin
D:4:      layout_loops_cross, hex_large, uniq_grinder, uniq_duvessa,
          uniq_menkaure
D:5:      layout_loops_cross, xom_teletrap_fun, lemuel_crystal_altar,
          nicolae_overflow_squiral
D:6:      layout_basic, fiery_altar_vehumet, temple_hall,
          cheibrodos_sewer_entry_bend, kennysheep_path_1, roderic_lattice_a,
          chequers_serial_rivers_room_a, uniq_sigmund, uniq_maggie
D:7:      layout_rooms, serial_shops, shop
D:8:      layout_rooms, lair_entry_dummy, serial_shops, shop, minmay_liquid_box,
          uniq_erica
Temple:   eino_temple_lava
Lair:1:   layout_cellular_growth, maelrawn_ghost_gauntlet_escape,
          grunt_megastairs_5, uniq_harold, uniq_fannar

Skill      XL: |  1  2  3  4  5  6  7  8  9 10 |
---------------+-------------------------------+-----
Axes           | 2 3 4 5 6 7 8 10 | 10.7
Fighting       | 4 5 6 8 |  8.1
Dodging        | 1 |  1.1
Armour         | 4 5 |  5.0
Shields        | 5 7 |  7.6
Invocations    | 2 4 |  4.0

Action                     |  1- 3 |  4- 6 |  7- 9 | 10-12 || total
---------------------------+-------+-------+-------+-------++-------
  Melee: War axe           |   116 |   103 |   265 |    73 ||   557
 Invoke: Heroism           |       |       |     1 |     4 ||     5
    Use: Scroll            |     3 |     3 |    12 |     3 ||    21
         Potion            |       |     1 |     1 |       ||     2
 Armour: Scale mail        |    43 |       |       |       ||    43
         Chain mail        |    21 |    60 |   177 |    53 ||   311
  Dodge: Dodged            |    41 |    32 |   108 |    25 ||   206
  Block: Buckler           |    36 |    16 |    55 |     5 ||   112
         Kite shield       |       |       |       |    12 ||    12

Table legend:
 A = Non-vault XP
 B = Vault XP
 C = Vault XP percentage of total XP
 D = Non-vault monster count
 E = Vault monster count
 F = Vault count percentage of total count
                 A         B        C        D         E       F
            +---------+---------+-------+---------+---------+-------
      Total |    5937 |    2070 |  25.9 |     170 |      33 |  16.3
            +---------+---------+-------+---------+---------+-------
        D:1 |      52 |       0 |   0.0 |      28 |       0 |   0.0
        D:2 |      35 |       0 |   0.0 |      12 |       0 |   0.0
        D:3 |     114 |      37 |  24.5 |      12 |      13 |  52.0
        D:4 |     173 |     670 |  79.5 |      14 |       4 |  22.2
        D:5 |     704 |       0 |   0.0 |      20 |       0 |   0.0
        D:6 |     720 |     665 |  48.0 |      25 |       3 |  10.7
        D:7 |     983 |       0 |   0.0 |      23 |       0 |   0.0
        D:8 |    1552 |     666 |  30.0 |      27 |       1 |   3.6
     Lair:1 |    1604 |       0 |   0.0 |       9 |       0 |   0.0
      Sewer |       0 |      32 | 100.0 |       0 |      12 | 100.0
            +---------+---------+-------+---------+---------+-------
